 Dungeon Crawl Stone Soup version 0.21.1-1-g345015f (webtiles) character file.

85 pk666 the Magician (level 4, 0/24 HPs)
             Began as a Deep Elf Wizard on Feb 13, 2018.
             Slain by a gnoll
             ... wielding a +0 flail
              (6 damage)
             ... on level 4 of the Dungeon.
             The game lasted 00:06:16 (3220 turns).

pk666 the Magician (Deep Elf Wizard)                Turns: 3220, Time: 00:06:18

Health: 0/24       AC:  2    Str:  4    XL:     4   Next: 25%
Magic:  8/13       EV: 13    Int: 24    God:
Gold:   159        SH:  0    Dex: 13    Spells: 4/13 levels left

rFire    + . .     SeeInvis +   k - +0 dagger
rCold    . . .     Gourm    .   (no shield)
rNeg     . . .     Faith    .   a - +0 robe
rPois    .         Spirit   .   b - +0 hat
rElec    .         Reflect  .   (no cloak)
rCorr    .         Harm     .   (no gloves)
MR       .....                  (no boots)
Stlth    ++........             m - amulet of regeneration (curse)
HPRegen  0.48/turn              p - ring of see invisible
MPRegen  0.13/turn              r - ring of protection from fire

@: no status effects
A: no striking features
a: no special abilities


You were on level 4 of the Dungeon.
You were hungry.

You visited 1 branch of the dungeon, and saw 4 of its levels.

You collected 159 gold pieces.

Inventory:

Hand Weapons
 k - a +0 dagger (weapon)
Armour
 a - a +0 robe (worn)
 b - a +0 hat (worn)
Magical Staves
 v - an uncursed staff of death
Jewellery
 m - a cursed amulet of regeneration (around neck)
 p - a ring of see invisible (left hand)
 r - a ring of protection from fire (right hand)
 u - an uncursed amulet of harm {unknown}
Scrolls
 e - a scroll of fear {unknown}
 l - a scroll of blinking
 n - a scroll of remove curse {unknown}
 o - a scroll of enchant armour {unknown}
 s - a scroll of fog
 t - a scroll of enchant weapon {unknown}
 w - a scroll of identify
Potions
 f - 2 potions of lignification {unknown}
 g - a potion of degeneration {unknown}
 h - 3 potions of heal wounds {unknown}
 i - a potion of agility {unknown}
 j - 2 potions of curing {unknown}
 q - a potion of brilliance {unknown}
Books
 c - a book of Minor Magic

   Spells                             Type                      Level
   a - Magic Dart                     Conjuration                  1
   b - Blink                          Translocation                2
   c - Call Imp                       Summoning                    2
   d - Slow                           Hexes                        2
   e - Conjure Flame                  Conjuration/Fire             3
   f - Mephitic Cloud                 Conjuration/Poison/Air       3
Comestibles
 d - 6 rations


   Skills:
 + Level 1.1 Short Blades
 + Level 3.2 Dodging
 - Level 2.4 Stealth
 + Level 5.0 Spellcasting
 + Level 2.1 Conjurations
   Level 1.1 Summonings
 - Level 1.1 Translocations
 * Level 0.8 Fire Magic
 * Level 0.8 Air Magic
 * Level 1.1 Poison Magic


You had 4 spell levels left.
You knew the following spells:

 Your Spells              Type           Power        Failure   Level  Hunger
a - Magic Dart            Conj           ###.         3%          1    None
b - Blink                 Tloc           N/A          9%          2    None
d - Conjure Flame         Conj/Fire      ##......     14%         3    ##.....
z - Mephitic Cloud        Conj/Pois/Air  ##......     14%         3    ##.....


Dungeon Overview and Level Annotations

Branches:
Dungeon (4/15)
 Temple: D:4-7

Altars:
Elyvilon


Message History

The scorpion is engulfed in noxious fumes.
The scorpion appears confused.
The scorpion barely misses itself.
You completely miss the gnoll.
The scorpion is engulfed in noxious fumes.
The scorpion appears confused.
The gnoll closely misses you. x2
You hit the gnoll but do no damage.
The gnoll hits you with a flail of protection!
The crimson imp barely misses you.
You catch the helpless gnoll completely off-guard!
You puncture the gnoll!
The gnoll is almost dead.
The gnoll barely misses you.
The gnoll barely misses the worker ant.
The crimson imp blinks!
You hit the gnoll but do no damage.
The gnoll is almost dead.
The worker ant closely misses you.
The gnoll hits you with a flail of protection!
* * * LOW HITPOINT WARNING * * *
The gnoll hits you with a flail.
You die...

...5........ .
........... #.
.#.........# ##
.##.........#
##########..!..s..[.....#
.........#.#. #.........#
#..<...#..#.g.......#
#..#.### #g@g<.......
>....#.# ##a#######..
.......... #.#
##.#.#.#..# #.# #
#.#.#..# ..# . #.#..# ...
.. ..#..# .#.# .#.#


You could see a scorpion (confused), a worker ant, 3 gnolls and a crimson imp.

Vanquished Creatures
  A hound skeleton (D:3)
  2 adders (D:3)
  2 dart slugs
  3 leopard geckos (D:3)
  3 giant cockroaches
  5 goblins
  8 hobgoblins
  2 jackals (D:3)
  3 kobolds
  A quokka (D:2)
  A ball python (D:2)
  7 bats
  A frilled lizard (D:2)
  6 rats
45 creatures vanquished.

Notes
Turn   | Place    | Note
-------+----------+-------------------------------------------
     0 | D:1      | pk666 the Deep Elf Wizard began the quest for the Orb.
     0 | D:1      | Reached XP level 1. HP: 10/10 MP: 7/7
   444 | D:1      | Reached XP level 2. HP: 15/15 MP: 6/9
  1858 | D:2      | Reached XP level 3. HP: 19/19 MP: 8/11
  1924 | D:2      | Learned a level 2 spell: Blink
  1928 | D:2      | Learned a level 3 spell: Mephitic Cloud
  1932 | D:2      | Learned a level 3 spell: Conjure Flame
  2346 | D:3      | Found a white marble altar of Elyvilon.
  2396 | D:3      | Reached skill level 1 in Short Blades
  2553 | D:3      | Reached skill level 5 in Spellcasting
  2642 | D:3      | Reached XP level 4. HP: 20/24 MP: 4/13
  2757 | D:3      | Reached skill level 1 in Poison Magic
  3113 | D:4      | Noticed a phantom
  3220 | D:4      | Slain by a gnoll

Skill      XL: |  1  2  3  4 |
---------------+-------------+-----
Dodging        | 3 |  3.2
Conjurations   | 2 |  2.1
Short Blades   | 1 |  1.1
Spellcasting   | 5 |  5.0
Poison Magic   | 1 |  1.1
Stealth        | |  2.4
Summonings     | |  1.1
Translocations | |  1.1
Fire Magic     | |  0.8
Air Magic      | |  0.8

Action                   |  1- 3 |  4- 6 || total
-------------------------+-------+-------++-------
Melee: Dagger            |       |     7 ||     7
 Cast: Magic Dart        |   103 |    25 ||   128
       Mephitic Cloud    |       |     2 ||     2
  Use: Scroll            |       |     3 ||     3
 Stab: Confused          |       |     1 ||     1
  Eat: Chunk             |     5 |     1 ||     6
Armor: Robe              |     1 |       ||     1
Dodge: Dodged            |    12 |    10 ||    22
